Map: Lerilak Crest

Players

clj - Winner!

  • Race: Terran Terran

CaptRaynor

  • Race: Protoss Protoss
  • League: Grandmaster

VOD

Have the link to the VOD?

Description

Time

  • Played on: Aug. 20, 2015, 11:26 p.m.
  • Length: 14:50
Show
View Real Time Build Order
Export as new Build Order

clj Terran - Winner!

Build Orders:  

Get SALT Encoding   

  12  0:02  SCV  
  13  0:14  SCV  
  14  0:20  Supply Depot  
  14  0:26  SCV  
  15  0:42  SCV  
  16  0:51  Barracks  
  16  0:54  SCV  
  16  0:56  Refinery  
  17  1:06  SCV  
  18  1:21  SCV  
  19  1:33  SCV  
  19  1:39  Supply Depot  
  20  1:43  Marine  
  22  1:49  Orbital Command  
  22  1:51  Barracks  
  21  2:12  Barracks Tech Lab  
  21  2:17  Command Center  
  21  2:24  SCV  
  22  2:34  Marine  
  22  2:37  SCV  
  24  2:48  Refinery  
  24  2:49  SCV  
  24  2:50  Engineering Bay  
  25  2:52  Supply Depot  
  25  2:56  Barracks Reactor  
  25  2:57  Marine  
  26  3:02  SCV  
  27  3:29  Stimpack, Marine  
  28  3:34  Marine x2  
  28  3:36  SCV  
  31  3:42  Factory  
  31  3:50  SCV  
  31  3:54  SCV  
  33  4:04  SCV  
  33  4:07  Marine x2  
  33  4:08  Marine  
  37  4:10  SCV  
  37  4:16  Barracks  
  38  4:19  SCV  
  38  4:22  SCV  
  40  4:24  Terran Infantry Weapons Level 1  
  40  4:31  Marine x3  
  40  4:37  Orbital Command  
  43  4:38  SCV  
  44  4:51  SCV, Marine x3  
  48  4:53  Factory Tech Lab  
  48  5:02  Barracks Reactor  
  48  5:03  SCV  
  49  5:07  Supply Depot  
  49  5:08  Marine  
  49  5:09  Marine x2  
  49  5:10  SCV  
  53  5:15  SCV  
  53  5:16  Refinery  
  53  5:20  Refinery  
  54  5:27  Starport  
  54  5:28  SCV x2, Marine x2  
  54  5:30  Supply Depot  
  54  5:31  Marine  
  59  5:40  SCV  
  59  5:41  Marine x2  
  62  5:51  Cyclone, Marine  
  62  5:54  Supply Depot  
  62  5:55  Marine  
  67  6:17  Supply Depot  
  64  6:21  Marine  
  64  6:22  Marine x3  
  64  6:23  Marine  
  69  6:29  SCV x2  
  69  6:32  Medivac  
  73  6:36  Factory  
  73  6:39  Marine  
  74  6:41  SCV x2  
  74  6:42  Supply Depot  
  76  6:53  SCV  
  76  6:54  SCV  
  78  6:59  Cyclone  
  78  7:00  Marine x2  
  78  7:01  Marine  
  84  7:02  Command Center  
  84  7:05  Supply Depot  
  71  7:18  Marine x3  
  71  7:19  Marine  
  71  7:21  Factory Tech Lab  
  75  7:24  Medivac  
  75  7:27  SCV  
  75  7:28  SCV, Supply Depot  
  79  7:31  Siege Tank  
  77  7:47  Missile Turret  
  77  8:02  Marine x3  
  78  8:16  Marine x2  
  78  8:18  Cyclone x2  
  78  8:19  Viking  
  88  8:22  Planetary Fortress  
  88  8:24  SCV x2  
  90  8:31  Marine x3  
  93  8:36  SCV x2  
  95  8:47  Marine x2  
  94  8:48  SCV  
  94  8:55  Siege Tank x2  
  101  8:56  SCV  
  101  9:00  SCV  
  88  9:30  Marine  
  88  9:31  Marine x4  
  90  9:36  Siege Tank x2  
  98  9:41  Factory  
  98  9:44  Armory  
  98  9:45  SCV x3  
  101  9:50  Refinery  
  101  9:51  Marine  
  101  9:52  Refinery, Marine x4  
  94  10:26  Marine x5  
  97  10:33  Thor x2  
  108  10:44  Marine x3  
  96  11:09  Marine x5  
  100  11:16  Thor x2  
  110  11:26  Marine  
  108  11:38  Marine x4  
  112  11:44  Marine  
  113  11:58  Command Center  
  113  12:05  Marine x5  
  113  12:06  Missile Turret  
  113  12:07  Thor  
  124  12:24  Marine  
  125  12:45  Supply Depot  
  125  12:46  Marine  
  125  12:47  SCV, Supply Depot  
  125  12:50  Supply Depot  
  125  12:55  Marine  
  125  12:58  SCV  
  125  13:00  Marine  
  125  13:06  Thor, SCV x2  
  125  13:08  Supply Depot, Marine  
  125  13:10  SCV  
  125  13:12  Supply Depot  
  135  13:15  Supply Depot  
  135  13:16  Marine x2  
  135  13:17  Marine  
  135  13:18  Marine  
  135  13:19  SCV  
  137  13:20  Siege Tank  
  137  13:26  Marine  
  130  13:49  Marine x2  
  130  13:50  Marine x3  
  130  13:53  Planetary Fortress  
  135  13:57  Refinery  
  124  14:07  Marine  
Show
View Real Time Build Order
Export as new Build Order

CaptRaynor Protoss 

Build Orders: Double Forge 

Get SALT Encoding   

  12  0:02  Probe  
  13  0:14  Probe  
  14  0:22  Pylon  
  14  0:26  Probe  
  15  0:36  Assimilator  
  15  0:40  Probe  
  16  0:52  Probe, Gateway  
  17  1:04  Probe  
  17  1:06  Pylon  
  18  1:17  Probe  
  19  1:29  Probe  
  20  1:41  Cybernetics Core  
  20  1:51  Probe  
  21  1:59  Gateway  
  21  2:00  Pylon  
  21  2:05  Probe  
  21  2:07  Warp Gate  
  22  2:17  Probe  
  22  2:18  Nexus  
  23  2:26  Pylon  
  23  2:31  Probe  
  23  2:35  Adept  
  26  2:44  Mothership Core  
  28  2:53  Robotics Facility  
  28  2:54  Pylon  
  28  3:08  Pylon  
  28  3:18  Probe  
  28  3:33  Gateway  
  28  3:35  Twilight Council  
  28  3:39  Forge  
  28  3:40  Probe, Forge  
  29  3:46  Assimilator  
  29  3:52  Observer  
  29  3:53  Probe  
  29  3:55  Probe  
  32  4:11  Probe x2  
  34  4:25  Assimilator  
  34  4:30  Assimilator  
  34  4:32  Warp Prism  
  34  4:36  Zealot  
  34  4:37  Zealot x2  
  42  4:41  Probe x2  
  42  4:44  Charge  
  44  4:53  Probe  
  44  4:54  Probe  
  46  5:08  Probe x2  
  46  5:12  Protoss Shields Level 1, Protoss Ground Weapons Level 1  
  48  5:25  Probe x2  
  50  5:48  Nexus  
  50  5:51  Stalker x3  
  50  5:55  Probe x2  
  58  6:24  Adept x2  
  62  6:29  Blink  
  62  6:50  Pylon  
  62  6:52  Pylon  
  62  6:55  Pylon  
  62  7:04  Pylon  
  62  7:06  Probe x2  
  54  7:22  Probe x3  
  57  7:24  Immortal  
  57  7:27  Adept  
  57  7:28  Adept x2  
  67  7:52  Zealot x3  
  67  7:57  Protoss Ground Weapons Level 2  
  73  7:58  Protoss Shields Level 2  
  60  8:16  Probe x3  
  63  8:22  Photon Cannon  
  63  8:24  Photon Cannon  
  63  8:26  Immortal, Photon Cannon  
  67  8:29  Probe x2  
  67  8:30  Probe, Photon Cannon  
  70  8:48  Stalker x3  
  76  8:56  Robotics Bay  
  76  8:59  Pylon  
  76  9:01  Probe, Pylon  
  78  9:02  Probe  
  78  9:05  Probe  
  78  9:06  Gateway  
  67  9:33  Adept x3  
  67  10:14  Zealot x3  
  67  10:32  Disruptor  
  70  10:36  Protoss Ground Weapons Level 3  
  70  10:38  Probe x2  
  70  10:39  Probe  
  54  11:11  Disruptor  
  54  11:14  Protoss Ground Armor Level 1  
  57  11:20  Shield Upgrade  
  57  11:23  Probe x3  
  45  12:19  Disruptor  
  36  12:52  Stalker x3  
  41  13:17  Colossus  
  47  13:28  Probe x2  
  49  14:16  Stalker  
  49  14:17  Stalker  
  53  14:21  Assimilator  
  53  14:23  Probe, Assimilator  
  54  14:29  Observer  
  55  14:35  Probe  
Tags
 
Add a new tag
Caveats
  • Supply blocks, unpowered buildings, or Contaminate may cause inaccurate times.
  • Supply counts are checked every 10 seconds.